 Dungeon Crawl Stone Soup version 0.31-a0-618-g7ca08c1ff9 (webtiles) character file.

Game seed: 4368675593760780154

101164 bobarctor the Eclecticist (level 15, -1/135 HPs)
             Began as a Demonspawn Necromancer on Aug 23, 2023.
             Was a High Priest of Kikubaaqudgha.
             Slain by a large abomination (15 damage)
             ... summoned by Mlioglotl
             ... on level 1 of the Snake Pit.
             The game lasted 05:12:22 (41904 turns).

bobarctor the Eclecticist (Demonspawn Necromancer) Turns: 41904, Time: 05:12:24

Health: -1/135     AC: 22    Str:  9    XL:     15   Next: 82%
Magic:  38/38      EV: 11    Int: 24    God:    Kikubaaqudgha [*****.]
Gold:   1228       SH:  0    Dex: 17    Spells: 2/52 levels left

rFire   + . .        R - +9 staff of Olgreb {rPois∞}
rCold   . . .        (no shield)
rNeg    . . .        w - +0 scale mail of the Ikuchi {+Inv Int+2 Stlth+}
rPois   ∞            (helmet unavailable)
rElec   .            d - +2 cloak
rCorr   .            L - +1 pair of gloves
SInv    +            g - +0 pair of boots
Will    +....        o - amulet of magic regeneration Stlth
                     y - +4 ring of protection
HPRegen 0.42/turn    i - ring of protection from fire
MPRegen 0.66/turn

%: no passive effects
@: berserking, animating dead, very quick
A: antennae 3, molten scales 2, ignite blood 2, powered by death 1, agile 1,
wild magic 1
a: Renounce Religion, Evoke Invisibility, Evoke the Staff of Olgreb, Unearth
Wretches, Torment


You were on level 1 of the Snake Pit.
You worshipped Kikubaaqudgha.
Kikubaaqudgha was extremely pleased with you.
You visited 7 branches of the dungeon, and saw 26 of its levels.
You also visited: Ossuary and Gauntlet.

You collected 3117 gold pieces.
You spent 1889 gold pieces at shops.

Inventory:

Hand Weapons
 e - a +3 falchion of freezing
 k - the +9 rapier of the Eternal Void {elec, Int+4}
   (You bought it in a shop on level 1 of the Orcish Mines)

   Int+4:     It affects your intelligence (+4).
 R - the +9 staff of Olgreb (weapon) {rPois∞}
   (You found it on level 8 of the Dungeon)

   Radiate:   It can be activated via the 'a'bility menu to radiate toxic
   energy, with effectiveness depending on Evocations skill.
   Pois:      It enhances your poison magic.
   rPois∞: It grants immunity to poison.
 S - a +4 scimitar of flaming
 U - the +7 long sword of Zin's Inspiration {speed, Dex+2}
   (You found it on level 11 of the Dungeon)

   Dex+2:     It affects your dexterity (+2).
Missiles
 a - 6 throwing nets
 p - 7 silver javelins
 v - 42 poisoned darts
 F - 20 javelins
 O - 2 darts of dispersal (quivered)
Armour
 d - a +2 cloak (worn)
 g - a +0 pair of boots (worn)
 h - a +0 troll leather armour
 w - the +0 scale mail of the Ikuchi (worn) {+Inv Int+2 Stlth+}
   (You found it on level 3 of the Lair of Beasts)

   Int+2:     It affects your intelligence (+2).
   +Inv:      It lets you turn invisible.
   Stlth+:    It makes you more stealthy.
 L - a +1 pair of gloves (worn)
Jewellery
 i - a ring of protection from fire (right hand)
 o - an amulet of magic regeneration (around neck)
 q - a ring of flight
 y - a +4 ring of protection (left hand)
 E - a ring of willpower
Wands
 f - a wand of polymorph (11)
 n - a wand of digging (4)
 A - a wand of quicksilver (10)
 N - a wand of roots (13)
Scrolls
 l - 9 scrolls of teleportation
 t - a scroll of fear
 K - 2 scrolls of enchant weapon
Potions
 b - 3 potions of magic
 j - 2 potions of heal wounds
 m - 5 potions of haste
 r - a potion of mutation
 s - 3 potions of enlightenment
 u - a potion of cancellation
 x - 4 potions of might
 B - 3 potions of invisibility
 C - 2 potions of resistance
 D - 8 potions of curing
 I - 2 potions of brilliance
Miscellaneous
 M - a phantom mirror


   Skills:
 - Level 0.1 Long Blades
 - Level 0.5 Throwing
 * Level 8.6 Armour
 + Level 6.5 Dodging
 + Level 5.2 Stealth
 * Level 19.1 Spellcasting
 + Level 4.3 Conjurations
 + Level 3.4 Hexes
 + Level 12.2 Necromancy
 - Level 2.0 Fire Magic
 - Level 5.0 Ice Magic
 - Level 6.0 Air Magic
 - Level 4.0 Earth Magic


You had 2 spell levels left.
You knew the following spells:

 Your Spells              Type           Power      Damage    Failure   Level
a - Necrotise             Necr           100%       1d9       1%          1
b - Vampiric Draining     Necr           82%        2d11      1%          3
c - Blink                 Tloc           58%        N/A       26%         2
d - Animate Dead          Necr           82%        N/A       1%          4
e - Stone Arrow           Conj/Erth      100%       3d13      10%         3
f - Passwall              Tmut/Erth      35%        N/A       12%         2
g - Agony                 Necr           82%        N/A       4%          5
h - Inner Flame           Hex/Fire       46%        N/A       17%         3
i - Dispel Undead         Necr           82%        3d27      1%          4
j - Shock                 Conj/Air       100%       1d9       2%          1
k - Airstrike             Air            30%        2d(5-21)  14%         4
l - Swiftness             Air            61%        N/A       5%          3
m - Frozen Ramparts       Ice            100%       1d16      8%          3
n - Anguish               Hex/Necr       34%        N/A       8%          4
o - Borgnjor's Vile Clut  Necr/Erth      34%        N/A       17%         5
p - Mephitic Cloud        Conj/Pois/Air  67%        N/A       13%         3

Your spell library contained the following spells:

 Spells                   Type           Power      Damage    Failure   Level
 Freeze                   Ice            100%       1d10      3%          1
 Cigotuvi's Dreadful Rot  Necr/Pois/Air  100%       N/A       3%          2
 Sandblast                Erth           100%       2d20      4%          1
 Static Discharge         Conj/Air       100%       2-7/arc   4%          2
 Ensorcelled Hibernation  Hex/Ice        100%       N/A       5%          2
 Poisonous Vapours        Pois/Air       100%       N/A       9%          2
 Hailstorm                Conj/Ice       56%        3d12      9%          3
 Vhi's Electric Charge    Tloc/Air       96%        N/A       16%         3
 Death Channel            Necr           41%        N/A       17%         6
 Leda's Liquefaction      Hex/Erth       26%        N/A       34%         4
 Summon Lightning Spire   Summ/Air       48%        N/A       43%         4
 Arcjolt                  Conj/Air       29%        1d39      45%         5
 Summon Ice Beast         Ice/Summ       45%        N/A       47%         4
 Freezing Cloud           Conj/Ice/Air   28%        6-21      47%         5
 Silence                  Hex/Air        28%        N/A       52%         5
 Simulacrum               Ice/Necr       35%        N/A       54%         6
 Lee's Rapid Deconstruct  Erth           26%        3d14*     63%         5
 Fireball                 Conj/Fire      24%        3d11      73%         5
 Manifold Assault         Tloc           29%        N/A       82%         4
 Summon Mana Viper        Hex/Summ       40%        N/A       89%         5
 Yara's Violent Unravell  Hex/Tmut       20%        3d9       89%         5
 Leda's Unmaking          Conj/Erth      27%        9d5       98%         6
 Plasma Beam              Fire/Air       26%        2x1d39    99%         6
 Infestation              Necr           41%        N/A       99%         8
 Enfeeble                 Hex            25%        N/A       100%        7
 Haunt                    Necr/Summ      31%        N/A       100%        7
 Malign Gateway           Summ/Tloc      14%        N/A       100%        7
 Monstrous Menagerie      Summ           14%        N/A       100%        7
 Summon Horrible Things   Summ           14%        N/A       100%        8


Dungeon Overview and Level Annotations

Branches:
Dungeon (15/15) Temple (1/1) D:6 Lair (5/5) D:11 Swamp (1/4) Lair:2 Snake (1/4) Lair:3 Slime (0/5) Lair:4 Orc (2/2) D:9 Elf (0/3) Orc:2 Vaults (0/5) D:12 D:13 Depths (1/4) D:15 Ossuary (visited) Gauntlet (visited)

Altars:
Ashenzari
Cheibriados
Dithmenos
Fedhas
Gozag
Hepliaklqana
Kikubaaqudgha
Makhleb
Nemelex Xobeh
Okawaru
Qazlal
Ru
Sif Muna
Trog
Uskayaw
Vehumet
Wu Jian
Xom
Yredelemnul
Jiyva

Shops:
D:5 *=((   D:12 *   Orc:1 (   Orc:2 !::[

Annotations:
D:15 2 transporters, Jais Joink's ghost, adept FoFi
Snake:1 Mlioglotl


Innate Abilities, Weirdness & Mutations

You have a pair of large antennae on your head. (SInv)
You are mostly covered in molten scales. (AC +3)
Your demonic aura often causes spilled blood to erupt in flames.
You regenerate a little health from kills.
You are agile. (Dex +4, Str/Int -1)
Your spells are a little harder to cast, but a little more powerful.


Message History

The tentacled starspawn tentacle-slaps you.
The large abomination hits your naga ritualist zombie!!
Your naga ritualist zombie is destroyed!
The starspawn tentacle barely misses you.
The starspawn tentacle grabs you. The starspawn tentacle constricts you.
Unknown command.
You hit the starspawn tentacle.
The starspawn tentacle is moderately damaged.
Mlioglotl hits you!
* * * LOW HITPOINT WARNING * * *
Mlioglotl tramples you but does no damage.
Mlioglotl churns violently!
Mlioglotl corrupts the dungeon around him!
The tentacled starspawn barely misses you.
The tentacled starspawn tentacle-slaps you.
* * * LOW HITPOINT WARNING * * *
The starspawn tentacle constricts you.
* * * LOW HITPOINT WARNING * * *
You feel much better. Mlioglotl hits you but does no damage.
Mlioglotl tramples you!
You are held in place!
The tentacled starspawn barely misses you. x2
The starspawn tentacle is engulfed in blazing flames.
The starspawn tentacle constricts you.
The starspawn tentacle loses its grip on you.
A red film seems to cover your vision as you go berserk!
You feel yourself moving faster!
You feel mighty!
Mlioglotl churns violently!
Mlioglotl corrupts the dungeon around him!
The starspawn tentacle is engulfed in blazing flames.
The starspawn tentacle grabs you. The starspawn tentacle constricts you.
The starspawn tentacle loses its grip on you.
The tentacle pulls you backwards! Mlioglotl hits you but does no damage.
Mlioglotl tramples you.
You hold your ground!
You completely miss Mlioglotl.
Mlioglotl is moderately wounded.
Mlioglotl hits you! Mlioglotl tramples you!!
* * * LOW HITPOINT WARNING * * *
You hold your ground!
The large abomination hits you!
You die...
Kikubaaqudgha rasps: "You have failed me!
Welcome... death!"

).#
###....###.
#.###...####
## #.##..###
##.##.##
#°)...#
##☼#####
##X─R#
#####wE│#
#..X@X>│#
##...X/##
#....w.#
########


You could see Mlioglotl (strong), 2 tentacled starspawn, a large abomination
(summoned), a water elemental (summoned), an efreet (summoned) and 2 starspawn
tentacles.

Vanquished Creatures
  Rupert (Snake:1)
  Kirke (D:13)
  A ghost moth (Gauntlet)
  3 eleionomae
  An ettin (Orc:1)
  Erolcha (D:9)
  A rakshasa (D:12)
  Harold (D:9)
  9 hydras
  Erica (D:8)
  8 centaur warriors
  An alligator (Swamp:1)
  A merfolk avatar (Lair:5)
  A naga warrior (Snake:1)
  A death knight (D:15)
  3 two-headed ogres
  A vampire mage (D:15)
  A boulder beetle (D:14)
  A tengu warrior (D:13)
  Urug (D:13)
  4 orc high priests
  4 death yaks
  Amaemon (D:11)
  Nergalle (Orc:1)
  2 skysharks
  A naga ritualist (Snake:1)
  2 skeletal warriors
  A ghost moth zombie (Gauntlet)
  A tengu zombie (D:15)
  A wizard (Gauntlet)
  A deep elf pyromancer (D:13)
  A golden dragon skeleton (D:15)
  A necromancer (D:15)
  An alligator zombie (Swamp:1)
  6 orc knights
  6 orc sorcerers (Orc:2)
  A harpy (Lair:5)
  A fire giant zombie (D:15)
  An ugly thing zombie (D:14)
  3 manticores
  5 black mambas
  5 cyclopes
  4 ugly things
  20 elephants
  An orange demon (D:11)
  2 gargoyles
  10 cane toads
  An unseen horror (D:12)
  3 kobold demonologists
  A death yak zombie (Lair:2)
  A spriggan zombie (D:15)
  11 komodo dragons
  A troll (shapeshifter) (D:15)
  A meliai (D:15)
  2 hydra zombies
  4 polar bears
  5 trolls
  A tarantella (Gauntlet)
  2 wind drakes (Lair:5)
  A tyrant leech (Swamp:1)
  A tarantella zombie (Gauntlet)
  18 blink frogs
  8 dream sheep
  9 slime creatures
  2 spriggans (Lair:2)
  3 wyverns
  2 shadows
  5 wraiths
  15 humans
  A vampire (D:14)
  2 hogs (D:13)
  2 basilisks
  19 yaks
  3 steam dragons
  6 vampire mosquitoes
  3 nagas
  4 redbacks (D:8)
  A warg (Orc:2)
  3 swamp worms (Swamp:1)
  15 water moccasins
  2 acid dragons
  A cane toad zombie (Lair:2)
  23 orc warriors
  4 black bears
  A swamp drake (Gauntlet)
  3 ice beasts (D:6)
  A sky beast (D:6)
  2 blink frog zombies
  5 elephant zombies
  18 centaurs
  3 ogres
  24 wolves
  A phantom (D:6)
  A rime drake zombie (Lair:2)
  4 kobold brigands
  3 elf zombies (Ossuary)
  13 bullfrogs
  3 scorpions
  A wyvern zombie (Lair:4)
  12 wights
  3 water moccasin zombies
  3 yak zombies (Lair:3)
  11 killer bees
  3 howler monkeys (D:11)
  5 wolf zombies
  An electric eel (Lair:2)
  7 centaur zombies
  3 jellies
  12 orc priests
  6 human zombies
  A bullfrog zombie (Lair:1)
  A black bear zombie (Lair:2)
  3 gnoll boudas
  23 orc wizards
  2 sleepcaps
  6 hell rats (Lair:2)
  A killer bee zombie (D:10)
  3 mummies (Ossuary)
  17 gnolls
  8 adders
  4 white imps
  An ufetubus (D:6)
  4 adder zombies
  2 worms
  A dart slug (D:3)
  65 orcs
  8 ball pythons
  A bat zombie (D:11)
  7 endoplasms
  2 giant cockroaches
  A gnoll zombie (Ossuary)
  7 goblins
  5 hobgoblins
  2 jackals (D:4)
  20 kobolds
  5 quokkas
  6 bats
  5 frilled lizards
  5 goblin zombies
  4 hobgoblin zombies
  6 jackal zombies (Ossuary)
  5 kobold zombies
  28 orc zombies
  A quokka zombie (Ossuary)
  6 rats
  4 rat zombies (Ossuary)
731 creatures vanquished.

Vanquished Creatures (collateral kills)
  A minotaur (Gauntlet)
  A centaur warrior (D:14)
  A boulder beetle (D:13)
  A death yak (Lair:2)
  A slime creature (D:14)
  A bog body (Swamp:1)
  A lindwurm (Lair:4)
  A manticore (Lair:5)
  An ugly thing (D:14)
  5 elephants
  2 cane toads (Lair:5)
  3 minotaur zombies (Gauntlet)
  A komodo dragon (Lair:5)
  3 polar bears
  2 hornets (Lair:5)
  A blink frog (Lair:4)
  A dream sheep (Lair:4)
  A raiju (shapeshifter) (D:14)
  A shadow (D:10)
  2 wyverns
  6 yaks
  A human (D:13)
  3 water moccasins (Lair:5)
  A centaur (D:15)
  A wolf (Lair:4)
  An ogre (D:9)
  A phantom (D:4)
  4 killer bees
  An orc priest (D:11)
  An orc wizard (D:8)
  A gnoll (D:5)
  2 adders
  2 white imps
  12 orcs
  A ball python (D:1)
69 creatures vanquished.

Vanquished Creatures (others)
  2 centaur warriors
  An orc high priest (Orc:1)
  A tengu warrior (Gauntlet)
  A naga sharpshooter (Snake:1)
  A mana viper (Snake:1)
  2 eleionoma zombies
  A manticore (D:15)
  A wolf spider (Gauntlet)
  2 cyclopes
  A naga mage (Snake:1)
  2 black mambas
  A kobold demonologist (D:11)
  2 redback zombies (D:8)
  A rime drake (Lair:2)
  A mana viper zombie (Snake:1)
  A bloated husk (Swamp:1)
  2 hydra zombies
  A merfolk (Gauntlet)
  A hornet (D:12)
  A slime creature (D:15)
  A meliai zombie (D:15)
  5 black mamba zombies
  A yak (Lair:2)
  A wind drake zombie (Lair:5)
  A slime creature zombie (D:8)
  A merfolk zombie (Gauntlet)
  A tengu zombie (Gauntlet)
  4 naga zombies (Snake:1)
  2 human zombies
  A two-headed ogre zombie (D:11)
  2 cane toad zombies
  An ice beast (D:8)
  4 orc warriors
  An elephant zombie (Lair:2)
  A hornet zombie (D:12)
  3 blink frog zombies (Lair:2)
  A manticore zombie (D:15)
  2 hog zombies (D:13)
  A komodo dragon zombie (Lair:5)
  A water moccasin zombie (Lair:5)
  A cyclops zombie (D:11)
  9 yak zombies
  2 troll zombies
  2 polar bear zombies
  4 wolf zombies
  8 centaur zombies
  A black bear zombie (Lair:2)
  2 bullfrog zombies (Lair:2)
  An orc priest (Orc:1)
  3 killer bee zombies (D:10)
  An acid dragon zombie (D:9)
  An ogre zombie (D:9)
  An ice beast zombie (D:8)
  A swamp drake zombie (Gauntlet)
  3 bats
  2 bat zombies
  A giant cockroach (D:12)
  6 gnoll zombies
  2 hobgoblins (D:11)
  A quokka (D:14)
  A ball python (D:11)
  A ball python zombie (D:11)
  A giant cockroach zombie (D:12)
  A goblin zombie (D:11)
  2 kobolds
  4 kobold zombies
  33 orc zombies
  A rat zombie (D:11)
  3 starspawn tentacles (Snake:1)
160 creatures vanquished.

Grand Total: 960 creatures vanquished

Notes
Turn   | Place    | Note
-------+----------+-------------------------------------------
     0 | D:1      | bobarctor the Demonspawn Necromancer began the quest for
                  | the Orb.
     0 | D:1      | Reached XP level 1. HP: 13/13 MP: 3/3
    53 | D:1      | Found a faded altar of an unknown god.
   326 | D:1      | Gained mutation: Your demonic aura sometimes causes spilled
                  | blood to erupt in flames. [demonic ancestry]
   326 | D:1      | Reached XP level 2. HP: 19/19 MP: 3/5
   691 | D:1      | Reached skill level 5 in Necromancy
   808 | D:1      | Gained mutation: You have a pair of small antennae on your
                  | head. [demonic ancestry]
   808 | D:1      | Reached XP level 3. HP: 24/24 MP: 4/6
  1263 | D:2      | Learned a level 3 spell: Vampiric Draining
  1265 | D:2      | Learned a level 1 spell: Sandblast
  1345 | D:2      | You fall into a shaft and drop 1 floor!
  1389 | D:3      | Found a burning altar of Makhleb.
  1991 | D:3      | Reached skill level 3 in Spellcasting
  2083 | D:3      | Reached XP level 4. HP: 30/30 MP: 3/8
  2205 | D:3      | Noticed a black bear
  2220 | D:3      | Killed a black bear
  2221 | D:3      | Gained mutation: You are partially covered in molten
                  | scales. (AC +2) [demonic ancestry]
  2221 | D:3      | Reached XP level 5. HP: 32/35 MP: 0/10
  2305 | D:3      | Learned a level 4 spell: Animate Dead
  2583 | D:4      | Reached skill level 4 in Spellcasting
  2644 | D:4      | Found an ornate altar of the Wu Jian Council.
  2679 | D:4      | Noticed an ogre
  2690 | D:4      | Killed an ogre
  2691 | D:4      | Reached skill level 1 in Armour
  2691 | D:4      | Gained mutation: You have a pair of antennae on your head.
                  | [demonic ancestry]
  2691 | D:4      | Reached XP level 6. HP: 41/41 MP: 5/12
  2921 | D:4      | Reached skill level 1 in Earth Magic
  3239 | D:4      | Reached skill level 5 in Spellcasting
  3501 | D:5      | Entered Level 5 of the Dungeon
  3563 | D:5      | Found Leppot's Elemental Accessories.
  3630 | D:5      | Reached XP level 7. HP: 37/46 MP: 9/14
  3750 | D:5      | Found a sand-covered staircase.
  3755 | Ossuary  | Entered an ossuary
  4459 | Ossuary  | Learned a level 3 spell: Stone Arrow
  4818 | Ossuary  | Reached skill level 6 in Spellcasting
  5296 | D:5      | Found Tonun's Weapon Shoppe.
  5301 | D:5      | Found Orphennit's Antique Weapon Boutique.
  5302 | D:5      | Found Zasuro's Jewellery Shoppe.
  5369 | D:5      | Reached skill level 1 in Conjurations
  5369 | D:5      | Gained mutation: You have a pair of large antennae on your
                  | head. (SInv) [demonic ancestry]
  5369 | D:5      | Reached XP level 8. HP: 52/52 MP: 14/17
  5675 | D:5      | Identified the staff "Naugumma" {rPois rC- Dex+3 Conj}
  6676 | D:6      | Learned a level 2 spell: Passwall
  6682 | D:6      | Learned a level 5 spell: Agony
  6811 | D:6      | Found a staircase to the Ecumenical Temple.
  6821 | Temple   | Entered the Ecumenical Temple
  6843 | Temple   | Became a worshipper of Kikubaaqudgha
  7136 | D:6      | Reached skill level 7 in Spellcasting
  7486 | D:6      | Reached XP level 9. HP: 48/57 MP: 14/19
  7884 | D:6      | Learned a level 3 spell: Inner Flame
  8499 | D:7      | Reached * piety under Kikubaaqudgha
  8499 | D:7      | Received a gift from Kikubaaqudgha
  8500 | D:7      | Reached skill level 8 in Spellcasting
  9224 | D:8      | Found the +9 staff of Olgreb {rPois∞}
  9247 | D:8      | Found a runed translucent gate.
  9247 | D:8      | Found a runed translucent gate.
  9248 | D:8      | Found a runed translucent door.
  9260 | D:8      | Reached skill level 9 in Spellcasting
  9290 | D:8      | Found a runed translucent gate.
  9390 | D:8      | Found a runed translucent door.
  9597 | D:8      | Noticed Erica
  9612 | D:8      | Killed Erica
  9613 | D:8      | Gained mutation: You regenerate a little health from kills.
                  | [demonic ancestry]
  9613 | D:8      | Reached XP level 10. HP: 61/63 MP: 5/23
 10160 | D:9      | Noticed a sixfirhy
 10300 | D:9      | Noticed Harold
 10318 | D:9      | Killed Harold
 10319 | D:9      | Reached skill level 10 in Spellcasting
 10698 | D:9      | Reached ** piety under Kikubaaqudgha
 11087 | D:9      | Found a staircase to the Orcish Mines.
 11636 | D:9      | Noticed Erolcha
 11657 | D:9      | Killed Erolcha
 13230 | D:10     | Entered Level 10 of the Dungeon
 13461 | D:10     | HP: 3/63 [spore (39)]
 13844 | D:10     | Reached skill level 11 in Spellcasting
 13844 | D:10     | Gained mutation: Your demonic aura often causes spilled
                  | blood to erupt in flames. [demonic ancestry]
 13844 | D:10     | Reached XP level 11. HP: 68/68 MP: 24/26
 13869 | D:10     | Noticed a red ugly thing
 13879 | D:10     | Killed a red ugly thing
 13880 | D:10     | Reached skill level 10 in Necromancy
 15327 | D:11     | Reached skill level 1 in Hexes
 15386 | D:11     | Learned a level 3 spell: Hailstorm
 15388 | D:11     | Learned a level 1 spell: Shock
 15393 | D:11     | Learned a level 4 spell: Airstrike
 15406 | D:11     | Noticed a two-headed ogre
 15420 | D:11     | Killed a two-headed ogre
 15565 | D:11     | Reached skill level 1 in Air Magic
 15647 | D:11     | Identified the +7 long sword of Zin's Inspiration {speed,
                  | Dex+2}
 15667 | D:11     | Learned a level 3 spell: Swiftness
 15782 | D:11     | Reached skill level 5 in Dodging
 16231 | D:11     | Noticed Amaemon
 16279 | D:11     | Killed Amaemon
 16280 | D:11     | Reached skill level 12 in Spellcasting
 16543 | D:12     | Found Cucrunotips's Assorted Antiques.
 16616 | D:12     | Identified the +12 spear of Truth {elec, rElec Str+2 Int-5
                  | SInv}
 16837 | D:12     | Noticed a purple ugly thing
 16843 | D:12     | Killed a purple ugly thing
 16890 | D:12     | Reached skill level 1 in Fire Magic
 17020 | D:12     | Gained mutation: You possess an exceptional clarity of
                  | mind. [potion of mutation]
 17020 | D:12     | Gained mutation: You are dopey. (Int -2) [potion of
                  | mutation]
 17021 | D:12     | Lost mutation: You possess an exceptional clarity of mind.
                  | [potion of mutation]
 17021 | D:12     | Lost mutation: You are dopey. (Int -2) [potion of mutation]
 17021 | D:12     | Gained mutation: Your spells are a little harder to cast,
                  | but a little more powerful. [potion of mutation]
 17022 | D:12     | Lost mutation: Your spells are a little harder to cast, but
                  | a little more powerful. [potion of mutation]
 17022 | D:12     | Gained mutation: Your spells are a little harder to cast,
                  | but a little more powerful. [potion of mutation]
 17022 | D:12     | Gained mutation: You are agile. (Dex +4, Str/Int -1)
                  | [potion of mutation]
 17612 | D:13     | Noticed Urug
 17612 | D:13     | Noticed a two-headed ogre
 17612 | D:13     | Noticed an orc knight
 17612 | D:13     | Noticed a centaur warrior
 17612 | D:13     | Noticed a rakshasa
 17612 | D:13     | Noticed an eight-headed hydra
 17612 | D:13     | Found a gate to the Vaults.
 17787 | D:11     | Found a staircase to the Lair.
 17873 | D:11     | Reached XP level 12. HP: 60/74 MP: 21/28
 17951 | Lair:1   | Entered Level 1 of the Lair of Beasts
 18013 | Lair:1   | Reached skill level 5 in Armour
 18843 | Lair:2   | Reached skill level 13 in Spellcasting
 18863 | Lair:2   | Found a shadowy altar of Dithmenos.
 18912 | Lair:2   | Noticed a death yak
 18922 | Lair:2   | Noticed a death yak
 18923 | Lair:2   | Noticed a death yak
 18925 | Lair:2   | Noticed a death yak
 18926 | Lair:2   | Noticed a death yak
 19047 | Lair:2   | Found a staircase to the Swamp.
 19047 | Lair:2   | Noticed an eleionoma
 19081 | Lair:2   | Killed an eleionoma
 19763 | Lair:2   | Identified the +10 chain mail "Oceaddoo" {rPois rF++ Str-3
                  | Dex+2}
 19904 | Lair:2   | Reached skill level 5 in Air Magic
 20494 | Lair:2   | Killed a death yak
 20683 | Lair:1   | Killed a death yak
 20887 | Lair:2   | Learned a level 3 spell: Frozen Ramparts
 21027 | Lair:2   | Killed a death yak
 21027 | Lair:2   | Reached *** piety under Kikubaaqudgha
 21027 | Lair:2   | Received a gift from Kikubaaqudgha
 21044 | Lair:2   | Killed a death yak
 21190 | Lair:2   | Killed a death yak
 21191 | Lair:2   | Reached skill level 14 in Spellcasting
 21191 | Lair:2   | Reached XP level 13. HP: 54/79 MP: 18/31
 21481 | Lair:3   | Reached skill level 1 in Ice Magic
 21928 | Lair:3   | Identified the +0 scale mail of the Ikuchi {+Inv Int+2
                  | Stlth+}
 22157 | Lair:3   | Found a staircase to the Snake Pit.
 22714 | Lair:3   | Learned a level 4 spell: Anguish
 23037 | Lair:3   | Reached skill level 15 in Spellcasting
 23710 | Temple   | Learned a level 4 spell: Dispel Undead
 24038 | Lair:4   | Identified a scroll of acquirement
 24038 | Lair:4   | Acquired 944 gold pieces
 24046 | Lair:4   | Found a gate leading to a gauntlet.
 24118 | Gauntlet | Entered a Gauntlet
 24118 | Gauntlet | Found a transporter.
 24205 | Gauntlet | Found a transporter.
 24208 | Gauntlet | Found a transporter.
 24209 | Gauntlet | Found a transporter.
 24217 | Gauntlet | Found a transporter.
 24220 | Gauntlet | Found a transporter.
 24221 | Gauntlet | Found a transporter.
 24229 | Gauntlet | Found a transporter.
 24232 | Gauntlet | Found a transporter.
 24233 | Gauntlet | Found a transporter.
 24242 | Gauntlet | Found a transporter.
 24246 | Gauntlet | Found a transporter.
 24247 | Gauntlet | Found a transporter.
 24249 | Gauntlet | Noticed a dire elephant
 24253 | Gauntlet | Found a runed translucent gate.
 24253 | Gauntlet | Found a runed translucent gate.
 24253 | Gauntlet | Found a runed translucent gate.
 24255 | Gauntlet | Found a transporter.
 24421 | Gauntlet | Identified the +4 ice dragon scales of Jupp {rF- rC++ Str+3
                  | SInv}
 24421 | Gauntlet | Noticed a minotaur
 24444 | Gauntlet | Killed a minotaur
 24603 | Gauntlet | Got Zoasaagg's Lessons on the Scorching Fair Folk
 25344 | Lair:4   | Found a staircase to the Slime Pits.
 25347 | Lair:4   | Found a viscous altar of Jiyva.
 26954 | Lair:5   | Entered Level 5 of the Lair of Beasts
 26982 | Lair:4   | Gained mutation: You are mostly covered in molten scales.
                  | (AC +3) [demonic ancestry]
 26982 | Lair:4   | Reached XP level 14. HP: 77/85 MP: 23/33
 27325 | Lair:5   | Reached skill level 16 in Spellcasting
 28166 | Lair:5   | Reached **** piety under Kikubaaqudgha
 29209 | Lair:5   | Reached skill level 17 in Spellcasting
 29481 | Lair:5   | Found the +7 captain's cutlass {speed, disarm}
 29785 | Lair:1   | Learned a level 5 spell: Borgnjor's Vile Clutch
 29913 | Orc:1    | Entered Level 1 of the Orcish Mines
 29913 | Orc:1    | Noticed Nergalle
 29930 | Orc:1    | Killed Nergalle
 30521 | Orc:2    | Entered Level 2 of the Orcish Mines
 30521 | Orc:2    | Found a staircase to the Elven Halls.
 30562 | Orc:2    | Found a runed translucent door.
 30713 | Orc:2    | Reached skill level 5 in Stealth
 31306 | Orc:1    | Found Anynlagg's Weapon Emporium.
 32460 | Orc:2    | Found Syeth's Book Boutique.
 32717 | Orc:2    | Found Wemewin's Armour Boutique.
 32723 | Orc:2    | Found Cod Reuq's Book Emporium.
 32731 | Orc:2    | Bought an Inescapable Atlas for 272 gold pieces
 32734 | Orc:2    | Learned a level 2 spell: Blink
 32734 | Orc:2    | Found Feycapno's Distillery.
 32742 | Orc:2    | Bought a potion of heal wounds for 70 gold pieces
 32742 | Orc:2    | Bought a potion of curing for 42 gold pieces
 33347 | Orc:1    | Bought the +9 rapier of the Eternal Void {elec, Int+4} for
                  | 844 gold pieces
 33966 | Orc:2    | Bought a book of Vapours for 286 gold pieces
 34250 | D:12     | Reached ***** piety under Kikubaaqudgha
 34403 | D:12     | Reached XP level 15. HP: 79/90 MP: 9/36
 34570 | D:13     | Killed Urug
 34577 | D:13     | Reached skill level 18 in Spellcasting
 34883 | D:13     | Identified the +6 sling of bobarctor's Peril {heavy, Fly}
 35277 | D:13     | Learned a level 3 spell: Mephitic Cloud
 35599 | D:13     | Noticed Kirke
 35695 | D:13     | Killed Kirke
 36389 | D:14     | Found a radiant altar of Vehumet.
 37045 | D:15     | Entered Level 15 of the Dungeon
 38111 | D:15     | Found a staircase to the Depths.
 39170 | D:15     | Found a transporter.
 39359 | D:15     | Noticed Jais Joink's ghost (adept FoFi)
 39360 | D:15     | Found a bloodstained altar of Trog.
 39362 | D:15     | Found a transporter.
 39577 | D:15     | Identified the +1 rapier "Ultimatum" {freeze, Drain Will+
                  | Str+6 Dex+2}
 39698 | Depths:1 | Entered Level 1 of the Depths
 40293 | D:5      | Bought a ring of protection from fire for 375 gold pieces
 40599 | Swamp:1  | Entered Level 1 of the Swamp
 40686 | Swamp:1  | Reached skill level 19 in Spellcasting
 41561 | Snake:1  | Entered Level 1 of the Snake Pit
 41570 | Snake:1  | Noticed Rupert
 41607 | Snake:1  | Killed Rupert
 41608 | Snake:1  | Reached skill level 5 in Ice Magic
 41867 | Snake:1  | Noticed Mlioglotl
 41894 | Snake:1  | Noticed a tentacled starspawn
 41899 | Snake:1  | Noticed a tentacled starspawn
 41904 | Snake:1  | Slain by a large abomination

Illustrated notes

Levels and vault maps discovered:
D:1:      tarquinn_simple_flora_water_b, layout_basic,
          ebering_ecumenical_altar_box
D:2:      layout_loops_ring, minmay_misc_feat_four_crosses
D:3:      layout_loops_corners, mainiacjoe_overflow_cross_hatched,
          nrook_mini_backslash
D:4:      layout_cave_pools, lemuel_crystal_altar
D:5:      layout_layer_cave, enter_ossuary_2, nrook_pool_corridor,
          dreamdust_wishing_well, nicolae_wooded_promenade, serial_park_tiny_2,
          palyth_stone_intersect, serial_bayou_pond_e, nicolae_elemental_shop,
          grunt_decor_junction, amcnicky_mini_pool_small
D:6:      layout_rooms, general_overflow_altar, minmay_temple_entry_junction
D:7:      layout_basic
D:8:      layout_basic, minmay_guarded_unrand_staff_of_olgreb, uniq_erica
D:9:      layout_roguey [special_room_orc], orc_0_dummy, nrook_loot_triangle,
          uniq_harold, uniq_erolcha
D:10:     layout_basic
D:11:     layout_roguey, david_lair_shrubbed, uniq_amaemon
D:12:     layout_loops_ring, serial_shops, nicolae_shop_back_alley_shop,
          serial_rivers, chequers_serial_rivers_micro_e,
          chequers_serial_rivers_room_a, chequers_serial_rivers_marsh,
          chequers_serial_rivers_micro_a
D:13:     layout_stronghold, david_vaults_3, uniq_kirke
D:14:     layout_basic, vehumet_crystals
D:15:     gammafunk_depths_entry_grave, layout_irregular_city,
          gammafunk_ghost_wrathful_warriors
Temple:   hellmonk_temple_of_storms
Lair:1:   wad_woods_pond, layout_big_grid
Lair:2:   wad_woods_stonehenge, layout_big_grid,
          alex1729_swamp_entry_worm_eleionoma, serial_bayou_ford_a
Lair:3:   layout_hall_layers, guppyfry_snake_entry_garden
Lair:4:   layout_roguey, slime_entry_1, gauntlet_entry_generic
Lair:5:   gammafunk_lair_ancient_temple, layout_hall_layers,
          bobbens_ice_dragon_lair, grunt_megastairs_3
Swamp:1:  layout_basic_swamp, evilmike_swamp_ruin_rubble_2, swamp_pool3,
          nicolae_swamp_necromancer_hut, infiniplex_staircase_pool
Snake:1:  layout_misc_corridors, uniq_mlioglotl, uniq_rupert
Orc:1:    layout_caves, serial_shops, shop, uniq_nergalle
Orc:2:    st_orc_elflike, layout_caves, lightli_church_of_beogh
Depths:1: layout_basic, enter_ziggurat_a, kennysheep_big_empty_room,
          hangedman_geh_valley, nicolae_kikubaaqudgha_miasma_corner

Skill      XL: |  1  2  3  4  5  6  7  8  9 10 11 12 13 14 15 |
---------------+----------------------------------------------+-----
Necromancy     | 5 6 7 8 9 10 11 12 | 12.2
Dodging        | 2 3 4 5 6 |  6.5
Spellcasting   | 3 4 5 6 7 9 11 12 14 15 17 19 | 19.1
Armour         | 1 2 3 4 6 7 8 |  8.6
Earth Magic    | 1 2 3 4 |  4.0
Stealth        | 2 3 4 5 |  5.2
Conjurations   | 1 2 3 4 |  4.3
Hexes          | 1 2 3 |  3.4
Air Magic      | 3 6 |  6.0
Fire Magic     | 1 2 |  2.0
Ice Magic      | 3 5 |  5.0
Long Blades    | |  0.1
Throwing       | |  0.5

Action                     |  1- 3 |  4- 6 |  7- 9 | 10-12 | 13-15 || total
---------------------------+-------+-------+-------+-------+-------++-------
  Melee: Dagger            |    11 |    83 |   325 |       |       ||   419
         Punch             |       |     1 |     9 |     5 |     9 ||    24
         Scimitar          |       |       |    99 |   170 |       ||   269
         Staff             |       |       |     4 |     2 |    16 ||    22
         Long sword        |       |       |       |   180 |   308 ||   488
         Falchion          |       |       |       |    16 |       ||    16
         Rapier            |       |       |       |       |   131 ||   131
  Throw: Stone             |       |       |    38 |     1 |       ||    39
         Dart              |       |       |       |     1 |       ||     1
   Cast: Necrotise         |    68 |    44 |    50 |    49 |    51 ||   262
         Vampiric Draining |       |     5 |    20 |    57 |    41 ||   123
         Animate Dead      |       |     3 |    10 |    27 |    55 ||    95
         Sandblast         |       |       |    58 |       |       ||    58
         Stone Arrow       |       |       |    24 |    36 |    35 ||    95
         Inner Flame       |       |       |       |    18 |    79 ||    97
         Agony             |       |       |       |     9 |     4 ||    13
         Shock             |       |       |       |    44 |    59 ||   103
         Airstrike         |       |       |       |    49 |   325 ||   374
         Anguish           |       |       |       |       |     3 ||     3
         Dispel Undead     |       |       |       |       |    15 ||    15
         Mephitic Cloud    |       |       |       |       |     3 ||     3
         Frozen Ramparts   |       |       |       |       |     1 ||     1
 Invoke: Unearth Wretches  |       |       |       |     7 |    11 ||    18
    Use: Scroll            |       |     6 |       |    13 |    20 ||    39
         Potion            |       |       |       |     9 |     6 ||    15
   Stab: Distracted        |       |       |     2 |     2 |     5 ||     9
         Sleeping          |       |       |     1 |     5 |     3 ||     9
         Paralysed         |       |       |       |     6 |    15 ||    21
         Confused          |       |       |       |       |     1 ||     1
 Armour: Leather armour    |     1 |    45 |   200 |   176 |   157 ||   579
         Robe              |     1 |       |       |       |       ||     1
         Troll leather arm |       |       |       |       |   263 ||   263
         Scale mail        |       |       |       |       |     9 ||     9
  Dodge: Dodged            |    17 |    84 |   292 |   344 |   581 ||  1318

Table legend: (Time is in decaauts)
 A = Elapsed time spent in this place.
 B = Non-inter-level travel time spent in this place.
 C = Inter-level travel time spent in this place.
 D = Time resting spent in this place.
 E = Time spent auto-exploring this place.
 F = Levels seen in this place.
 G = Mean time per level.
                   A        B        C        D        E       F      G
               +--------+--------+--------+--------+--------+-----+--------+
         Total |  42271 |  38038 |   4233 |  14119 |  14551 |  28 | 1509.7 |
       Dungeon |  24623 |  21699 |   2924 |   6214 |  10385 |  15 | 1641.5 |
        Temple |     86 |     74 |     12 |      0 |      0 |   1 |   86.0 |
          Lair |  10292 |   9204 |   1088 |   4394 |   2958 |   5 | 2058.4 |
         Swamp |    884 |    884 |      0 |    357 |    390 |   1 |  884.0 |
     Snake Pit |    347 |    347 |      0 |    227 |     22 |   1 |  347.0 |
  Orcish Mines |   4104 |   3896 |    208 |   2209 |    737 |   2 | 2052.0 |
        Depths |      1 |      1 |      0 |      0 |      0 |   1 |    1.0 |
       Ossuary |   1374 |   1374 |      0 |    516 |     55 |   1 | 1374.0 |
      Gauntlet |    555 |    555 |      0 |    202 |      4 |   1 |  555.0 |
               +--------+--------+--------+--------+--------+-----+--------+

Top non-repeatable levels by time:
   Orc:2: 2851 daAuts
  Lair:2: 2664 daAuts
  Lair:4: 2441 daAuts
    D:10: 2331 daAuts
     D:8: 2241 daAuts
    D:11: 2170 daAuts
    D:14: 2143 daAuts
  Lair:3: 1977 daAuts
     D:5: 1895 daAuts
    D:13: 1820 daAuts
     D:9: 1810 daAuts
    D:12: 1749 daAuts
  Lair:5: 1702 daAuts
     D:6: 1512 daAuts
  Lair:1: 1507 daAuts
